 Dungeon Crawl Stone Soup version 0.30-a0-808-g6e0788376e (webtiles) character file.

Game seed: 17883451846949896663

629 Newt the Trooper (level 7, 0/58 HPs)
             Began as a Demonspawn Gladiator on Feb 26, 2023.
             Killed by divine providence
             ... invoked by an orc priest
              (12 damage)
             ... on level 5 of the Dungeon.
             The game lasted 00:04:19 (3695 turns).

Newt the Trooper (Demonspawn Gladiator)             Turns: 3695, Time: 00:04:20

Health: 0/58       AC:  7    Str: 16    XL:     7   Next: 23%
Magic:  7/7        EV: 13    Int:  9    God:
Gold:   306        SH:  0    Dex: 15    Spells: 6/6 levels left

rFire   . . .      SeeInvis +    g - +2 scythe (venom)
rCold   . . .      Faith    .    (shield currently unavailable)
rNeg    . . .      Spirit   .    b - +0 leather armour
rPois   .          Reflect  .    m - +2 hat
rElec   .          Harm     .    (no cloak)
rCorr   .          Rampage  .    (no gloves)
Will    .....                    (no boots)
Stlth   +                        (no amulet)
HPRegen 0.29/turn                s - ring of see invisible
MPRegen 0.10/turn                (no ring)

@: no status effects
A: icy blue scales 1
a: no special abilities


You were on level 5 of the Dungeon.
You visited 1 branch of the dungeon, and saw 5 of its levels.

You collected 306 gold pieces.

Inventory:

Hand Weapons
 a - a +0 rapier
 g - a +2 scythe of venom (weapon)
Missiles
 d - a throwing net (quivered)
 e - a javelin
 k - 5 curare-tipped darts
 n - 20 poisoned darts
Armour
 b - a +0 leather armour (worn)
 c - a +0 helmet
 m - a +2 hat (worn)
Jewellery
 s - a ring of see invisible (left hand)
Scrolls
 p - a scroll of noise {unknown}
 q - 2 scrolls of teleportation
 r - a scroll of identify
 u - a scroll of torment {unknown}
Potions
 f - a potion of degeneration
 h - a potion of brilliance
 i - a potion of magic {unknown}
 j - a potion of invisibility {unknown}
 l - a potion of resistance {unknown}
 o - a potion of might
 t - 3 potions of cancellation {unknown}


   Skills:
 - Level 6.0 Fighting
 - Level 4.0 Short Blades
 + Level 2.3 Polearms
 - Level 1.7 Throwing
 - Level 4.0 Dodging


You had 6 spell levels left.
You didn't know any spells.
Your spell library was empty.

Dungeon Overview and Level Annotations

Branches:
Dungeon (5/15)
 Temple: D:4-7

Altars:
Dithmenos
Wu Jian

Annotations:
D:4 1 runed translucent door, cforsyth's ghost, amateur KoBr


Innate Abilities, Weirdness & Mutations

You are partially covered in icy blue scales. (AC +2)


Message History

There are monsters nearby!
There are monsters nearby!
The orc priest shouts!
The orc priest calls down the wrath of Beogh upon you.
Beogh smites you!
You reach to attack!
You barely miss the orc. You closely miss the orc. The orc barely misses you.
You slash the orc!
You kill the orc!
The orc priest looks satisfied for a moment.
The orc misses you.
You closely miss the orc. The orc misses you.
You barely miss the orc. The orc barely misses you.
The orc hits you but does no damage.
You slash the orc!
You kill the orc!
You closely miss the orc priest.
The orc priest mumbles some strange prayers to Beogh against you.
Beogh smites you!
You closely miss the orc priest.
The orc priest mumbles some strange prayers to Beogh against you.
Beogh smites you! The orc priest barely misses you.
You are too injured to fight recklessly!
You are too injured to fight recklessly!
You are too injured to fight recklessly!
You are too injured to fight recklessly!
You are too injured to fight recklessly!
You are too injured to fight recklessly!
You are too injured to fight recklessly!
You are too injured to fight recklessly!
You barely miss the orc priest.
The orc priest hits you with a +0 flail.
You puncture the orc priest!
The orc priest is poisoned.
The orc priest is severely wounded.
The orc priest invokes the aid of Beogh against you.
Beogh smites you!
* * * LOW HITPOINT WARNING * * *
The orc priest invokes the aid of Beogh against you.
Beogh smites you!
You die...

#..#.#....#
#..###....#
#.........#
##.###.#.##
#####.# #.....#
#.#####
######.#########
.........@o.....#
#######.###......
...# ..... ###.#
.... ### ... .. .


You could see an orc priest (very poisoned).

Vanquished Creatures
  Sigmund (D:3)
  A water moccasin (D:3)
  A black bear (D:4)
  A scorpion (D:4)
  An iguana (D:4)
  A gnoll (D:1)
  8 adders
  2 worms
  4 dart slugs
  7 orcs
  9 ball pythons
  2 bats
  3 endoplasms
  2 giant cockroaches
  9 goblins
  5 hobgoblins
  4 jackals (D:1)
  2 quokkas
  3 frilled lizards (D:1)
  6 kobolds
  7 rats
79 creatures vanquished.

Notes
Turn   | Place    | Note
-------+----------+-------------------------------------------
     0 | D:1      | Newt the Demonspawn Gladiator began the quest for the Orb.
     0 | D:1      | Reached XP level 1. HP: 16/16 MP: 1/1
   118 | D:1      | Gained mutation: You are partially covered in icy blue
                  | scales. (AC +2) [demonic ancestry]
   118 | D:1      | Reached XP level 2. HP: 7/23 MP: 2/2
   237 | D:1      | Reached skill level 3 in Fighting
   457 | D:1      | Reached XP level 3. HP: 28/30 MP: 3/3
   757 | D:2      | Reached skill level 4 in Fighting
   957 | D:2      | Reached XP level 4. HP: 37/37 MP: 4/4
  1940 | D:3      | Reached XP level 5. HP: 29/42 MP: 5/5
  1975 | D:3      | Noticed Sigmund
  2002 | D:3      | Killed Sigmund
  2003 | D:3      | Reached XP level 6. HP: 24/49 MP: 6/6
  2222 | D:3      | Noticed a water moccasin
  2235 | D:3      | Killed a water moccasin
  2236 | D:3      | Reached skill level 5 in Fighting
  2698 | D:3      | Found a faded altar of an unknown god.
  2829 | D:4      | Found a runed translucent door.
  2834 | D:4      | Noticed cforsyth's ghost (amateur KoBr)
  2839 | D:4      | Found an ornate altar of the Wu Jian Council.
  3112 | D:4      | Found a shadowy altar of Dithmenos.
  3128 | D:4      | Reached skill level 6 in Fighting
  3128 | D:4      | Reached skill level 1 in Polearms
  3128 | D:4      | Reached XP level 7. HP: 48/58 MP: 7/7
  3667 | D:5      | Entered Level 5 of the Dungeon
  3695 | D:5      | Killed from afar by an orc priest

Illustrated notes

Levels and vault maps discovered:
D:1:      dpeg_arrival_refuge, layout_loops_ring
D:2:      layout_loops_ring, hex_tiny, st_stairs_4, minmay_misc_feat_rugged,
          kennysheep_pointless_box, dk_noncrumbling_4, corexii_corridor_pit
D:3:      layout_rooms, hellmonk_ecumenical_altar_arch_garden, uniq_sigmund
D:4:      layout_basic, nicolae_dithmenos_shadow_blocks,
          mainiacjoe_overflow_concentric_impassable, ebering_ghost_inner_flame
D:5:      layout_basic, minmay_temple_entry_offerings, uniq_menkaure, uniq_ijyb

Skill      XL: |  1  2  3  4  5  6  7 |
---------------+----------------------+-----
Fighting       | 3 4 6 |  6.0
Short Blades   | 3 4 |  4.0
Dodging        | 4 |  4.0
Polearms       | 1 2 |  2.3
Throwing       | |  1.7

Action                     |  1- 3 |  4- 6 |  7- 9 || total
---------------------------+-------+-------+-------++-------
  Melee: Rapier            |   112 |   122 |       ||   234
         Punch             |       |     3 |       ||     3
         Halberd           |       |    51 |    17 ||    68
  Throw: Dart              |       |     3 |       ||     3
         Throwing net      |       |     3 |       ||     3
    Use: Scroll            |       |     6 |       ||     6
         Potion            |       |     4 |       ||     4
   Stab: Sleeping          |     2 |     2 |     1 ||     5
 Armour: Leather armour    |    36 |    64 |     2 ||   102
  Dodge: Dodged            |    78 |   129 |     8 ||   215

Table legend: (Time is in decaauts)
 A = Elapsed time spent in this place.
 B = Non-inter-level travel time spent in this place.
 C = Inter-level travel time spent in this place.
 D = Time resting spent in this place.
 E = Time spent auto-exploring this place.
 F = Levels seen in this place.
 G = Mean time per level.
                   A        B        C        D        E       F      G
               +--------+--------+--------+--------+--------+-----+--------+
         Total |   3736 |   3656 |     80 |    491 |   2518 |   5 |  747.2 |
       Dungeon |   3736 |   3656 |     80 |    491 |   2518 |   5 |  747.2 |
               +--------+--------+--------+--------+--------+-----+--------+

Top non-repeatable levels by time:
     D:3: 1070 daAuts
     D:2: 944 daAuts
     D:4: 935 daAuts
     D:1: 753 daAuts
     D:5: 31 daAuts
